| TOP OF THE 1ST |
|
Boise Hawks batting - Pitching for Auburn Doubledays : RHP Luis Cruz
|
|
Pitching: RHP Luis Cruz
|
|
|
Batting: LHB Steve Gilliam
|
0-0: Foul Ball, location: 2F 0-1: Ball 1-1: Ball 2-1: Foul Ball, location: 2F 2-2: DOUBLE (Line Drive, 7LM, EV 111.2 MPH)
|
|
Batting: RHB Ryan Rinaldi
|
0-0: Called Strike 0-1: Ball 1-1: Ground out 6-3 (Groundball, 6, EV 85.6 MPH) Steve Gilliam to third
|
|
Batting: SHB Bobby Santor
|
0-0: Ball 1-0: Swinging Strike 1-1: Swinging Strike 1-2: Foul Ball, location: 2F 1-2: Foul Ball, location: 2F 1-2: Foul Ball, location: 2F 1-2: Foul Ball, location: 2F 1-2: Ball 2-2: Strikes out swinging
|
|
Batting: LHB Zack Guillen
|
0-0: Ball 1-0: Ball 2-0: Ball 3-0: Fly out, F7 (Flyball, 7D, EV 83.1 MPH)
|
| Top of the 1st over - 0 runs, 1 hit, 0 errors, 1 left on base; Boise 0 - Auburn 0 |
| BOTTOM OF THE 1ST |
|
Auburn Doubledays batting - Pitching for Boise Hawks : LHP Su-wu Pi
|
|
Pitching: LHP Su-wu Pi
|
|
|
Batting: SHB Gabe Fraunfelder
|
0-0: Ball 1-0: Called Strike 1-1: Swinging Strike 1-2: Strikes out swinging
|
|
Batting: RHB Jim Miske
|
0-0: Ball 1-0: Ground out 6-3 (Groundball, 6, EV 83.8 MPH)
|
|
Batting: RHB Slavik Nebrodov
|
0-0: Called Strike 0-1: Ball 1-1: Ball 2-1: Ball 3-1: Foul Ball, location: 2F 3-2: Strikes out looking
|
| Bottom of the 1st over - 0 runs, 0 hits, 0 errors, 0 left on base; Boise 0 - Auburn 0 |
| TOP OF THE 2ND |
|
Boise Hawks batting - Pitching for Auburn Doubledays : RHP Luis Cruz
|
|
Batting: RHB John Boyer
|
0-0: DOUBLE (Line Drive, 89D, EV 105.6 MPH)
|
|
Batting: RHB Eric Delgado
|
0-0: Called Strike 0-1: Swinging Strike 0-2: Strikes out swinging
|
|
Batting: LHB Glenn Lowther
|
0-0: Ball 1-0: Ball 2-0: Called Strike 2-1: Foul Ball, location: 2F 2-2: Foul Ball, location: 2F 2-2: Fly out, F2 (Popup, 2LF, EV 96.9 MPH)
|
|
Batting: RHB John Stevenson
|
0-0: Called Strike 0-1: Ball 1-1: Ball 2-1: Swinging Strike 2-2: Strikes out looking
|
| Top of the 2nd over - 0 runs, 1 hit, 0 errors, 1 left on base; Boise 0 - Auburn 0 |
| BOTTOM OF THE 2ND |
|
Auburn Doubledays batting - Pitching for Boise Hawks : LHP Su-wu Pi
|
|
Batting: RHB Ryan Hiemer
|
0-0: Foul Ball, location: 2F 0-1: Swinging Strike 0-2: Foul Ball, location: 2F 0-2: Foul Ball, location: 2F 0-2: SINGLE (Line Drive, 4D, EV 96.9 MPH)
|
|
Batting: RHB Kevin Whitenack
|
0-0: Ball 1-0: Swinging Strike 1-1: Called Strike 1-2: Foul Ball, location: 2F 1-2: Strikes out swinging
|
|
Batting: RHB Bobby Dieter
|
0-0: Fly out, F1 (Line Drive, P, EV 67.5 MPH) Lined into DP, 1-3 (Line Drive, P, EV 61.9 MPH)
|
| Bottom of the 2nd over - 0 runs, 1 hit, 0 errors, 0 left on base; Boise 0 - Auburn 0 |
| TOP OF THE 3RD |
|
Boise Hawks batting - Pitching for Auburn Doubledays : RHP Luis Cruz
|
|
Batting: LHB Zane Kelton
|
0-0: Ball 1-0: SINGLE (Line Drive, 3L, EV 97.5 MPH)
|
|
Batting: LHB Steve Gilliam
|
0-0: Foul Ball, location: 2F 0-1: Ball 1-1: Fly out, F9 (Flyball, 9, EV 93.8 MPH)
|
|
Batting: RHB Ryan Rinaldi
|
0-0: Called Strike Zane Kelton steals 2nd base 0-1: Ground out 6-3 (Groundball, 6, EV 90.6 MPH) Zane Kelton to third
|
|
Batting: SHB Bobby Santor
|
0-0: Foul Ball, location: 2F 0-1: Called Strike 0-2: Foul Ball, location: 2F 0-2: Ball 1-2: Foul Ball, location: 2F 1-2: Ball Wild Pitch! Zane Kelton scores 2-2: Ball 3-2: TRIPLE (Line Drive, 89XD, EV 106.2 MPH)
|
|
Batting: LHB Zack Guillen
|
0-0: Called Strike 0-1: Ball 1-1: Ball 2-1: Ball 3-1: Called Strike 3-2: Fly out, F9 (Flyball, 9S, EV 76.2 MPH)
|
| Top of the 3rd over - 1 run, 2 hits, 0 errors, 1 left on base; Boise 1 - Auburn 0 |
| BOTTOM OF THE 3RD |
|
Auburn Doubledays batting - Pitching for Boise Hawks : LHP Su-wu Pi
|
|
Batting: LHB Mike Condon
|
0-0: Ball 1-0: Called Strike 1-1: Ball 2-1: Ball 3-1: Foul Ball, location: 2F 3-2: Strikes out swinging
|
|
Batting: RHB Bryan Ernst
|
0-0: Called Strike 0-1: SINGLE (Groundball, 4D, EV 95.0 MPH)
|
|
Batting: RHB Jon Hill
|
0-0: SINGLE (Line Drive, 7LS, EV 96.2 MPH) Bryan Ernst to second
|
|
Batting: SHB Gabe Fraunfelder
|
0-0: Fielders Choice at 2nd, 2-4 (Groundball, 2L, EV 62.5 MPH) Bryan Ernst to third
|
|
Batting: RHB Jim Miske
|
0-0: Ball 1-0: Called Strike 1-1: Ball 2-1: Ball 3-1: Fielders Choice at 2nd, 5-4 (Groundball, 5, EV 86.2 MPH)
|
| Bottom of the 3rd over - 0 runs, 2 hits, 0 errors, 2 left on base; Boise 1 - Auburn 0 |
| TOP OF THE 4TH |
|
Boise Hawks batting - Pitching for Auburn Doubledays : RHP Luis Cruz
|
|
Batting: RHB John Boyer
|
0-0: Ball 1-0: Ground out 6-3 (Groundball, 6, EV 91.2 MPH)
|
|
Batting: RHB Eric Delgado
|
0-0: Ball 1-0: Foul Ball, location: 2F 1-1: Foul Ball, location: 2F 1-2: Ball 2-2: Fly out, F8 (Flyball, 8RM, EV 88.1 MPH)
|
|
Batting: LHB Glenn Lowther
|
0-0: Fly out, F8 (Flyball, 8LD, EV 85.0 MPH)
|
| Top of the 4th over - 0 runs, 0 hits, 0 errors, 0 left on base; Boise 1 - Auburn 0 |
| BOTTOM OF THE 4TH |
|
Auburn Doubledays batting - Pitching for Boise Hawks : LHP Su-wu Pi
|
|
Batting: RHB Slavik Nebrodov
|
0-0: Ball 1-0: Called Strike 1-1: SINGLE (Line Drive, 3L, EV 103.8 MPH)
|
|
Batting: RHB Ryan Hiemer
|
0-0: Ball 1-0: Foul Ball, location: 2F 1-1: Foul Ball, location: 2F 1-2: Ball 2-2: Foul Ball, location: 2F 2-2: Fly out, F5 (Popup, 5S, EV 76.9 MPH)
|
|
Batting: RHB Kevin Whitenack
|
0-0: 2-RUN HOME RUN (Flyball, 7D, EV 99.4 MPH), Distance : 394 ft
|
|
Batting: RHB Bobby Dieter
|
0-0: Ball 1-0: Swinging Strike 1-1: Called Strike 1-2: Ball 2-2: Ball 3-2: Base on Balls
|
|
Batting: LHB Mike Condon
|
0-0: Swinging Strike 0-1: Foul Ball, location: 2F 0-2: Ball 1-2: Foul Ball, location: 2F 1-2: Strikes out swinging
|
|
Batting: RHB Bryan Ernst
|
0-0: Foul Ball, location: 2F 0-1: Ball 1-1: Ball 2-1: DOUBLE (Line Drive, 7LS, EV 98.8 MPH) Bobby Dieter to third
|
|
Batting: RHB Jon Hill
|
0-0: Called Strike 0-1: Called Strike 0-2: Strikes out swinging
|
| Bottom of the 4th over - 2 runs, 3 hits, 0 errors, 2 left on base; Boise 1 - Auburn 2 |
| TOP OF THE 5TH |
|
Boise Hawks batting - Pitching for Auburn Doubledays : RHP Luis Cruz
|
|
Batting: RHB John Stevenson
|
0-0: Ground out 5-3 (Groundball, 56, EV 85.6 MPH)
|
|
Batting: LHB Zane Kelton
|
0-0: Foul Ball, location: 2F 0-1: Ball 1-1: Foul Ball, location: 2F 1-2: Foul Ball, location: 2F 1-2: Foul Ball, location: 2F 1-2: Foul Ball, location: 2F 1-2: DOUBLE (Groundball, 3L, EV 97.5 MPH)
|
|
Batting: LHB Steve Gilliam
|
0-0: Foul Ball, location: 2F 0-1: Swinging Strike 0-2: Ball 1-2: Ground out U3 (Groundball, 34S, EV 66.9 MPH) Zane Kelton to third
|
|
Batting: RHB Ryan Rinaldi
|
0-0: Foul Ball, location: 2F 0-1: Ground out 6-3 (Groundball, 56, EV 102.5 MPH)
|
| Top of the 5th over - 0 runs, 1 hit, 0 errors, 1 left on base; Boise 1 - Auburn 2 |
| BOTTOM OF THE 5TH |
|
Auburn Doubledays batting - Pitching for Boise Hawks : LHP Su-wu Pi
|
|
Batting: SHB Gabe Fraunfelder
|
0-0: Ball 1-0: Called Strike 1-1: Called Strike 1-2: Fly out, F7 (Line Drive, 7S, EV 95.6 MPH)
|
|
Batting: RHB Jim Miske
|
0-0: Called Strike 0-1: Swinging Strike 0-2: Foul Ball, location: 2F 0-2: Fly out, F4 (Popup, 34S, EV 87.5 MPH)
|
|
Batting: RHB Slavik Nebrodov
|
0-0: Ball 1-0: Ball 2-0: Fly out, F4 (Line Drive, 4, EV 71.9 MPH)
|
| Bottom of the 5th over - 0 runs, 0 hits, 0 errors, 0 left on base; Boise 1 - Auburn 2 |
| TOP OF THE 6TH |
|
Boise Hawks batting - Pitching for Auburn Doubledays : RHP Luis Cruz
|
|
Batting: SHB Bobby Santor
|
0-0: Fly out, F4 (Popup, 4D, EV 52.5 MPH)
|
|
Batting: LHB Zack Guillen
|
0-0: Ball 1-0: Ball 2-0: Foul Ball, location: 2F 2-1: Ground out 6-3 (Groundball, 4M, EV 102.5 MPH)
|
|
Batting: RHB John Boyer
|
0-0: Called Strike 0-1: Foul Ball, location: 2F 0-2: Strikes out swinging, 2-3 out at first.
|
| Top of the 6th over - 0 runs, 0 hits, 0 errors, 0 left on base; Boise 1 - Auburn 2 |
| BOTTOM OF THE 6TH |
|
Auburn Doubledays batting - Pitching for Boise Hawks : LHP Su-wu Pi
|
|
Batting: RHB Ryan Hiemer
|
0-0: Ball 1-0: Ground out 6-3 (Groundball, 6MS, EV 83.1 MPH)
|
|
Batting: RHB Kevin Whitenack
|
0-0: Ball 1-0: Ball 2-0: Called Strike 2-1: Swinging Strike 2-2: Ball 3-2: Strikes out looking
|
|
Batting: RHB Bobby Dieter
|
0-0: Swinging Strike 0-1: Ball 1-1: Ball 2-1: Foul Ball, location: 2F 2-2: Foul Ball, location: 2F 2-2: Foul Ball, location: 2F 2-2: Ground out 6-3 (Groundball, 6S, EV 63.1 MPH)
|
| Bottom of the 6th over - 0 runs, 0 hits, 0 errors, 0 left on base; Boise 1 - Auburn 2 |
| TOP OF THE 7TH |
|
Boise Hawks batting - Pitching for Auburn Doubledays : RHP Luis Cruz
|
|
Batting: RHB Eric Delgado
|
0-0: SINGLE (Groundball, 56D, EV 105.6 MPH)
|
|
Batting: LHB Glenn Lowther
|
0-0: Ball 1-0: Reached on error, E6 (Groundball, 6, EV 106.9 MPH) Eric Delgado to second
|
|
Pinch Hitting: LHB Greg Valenzuela
|
0-0: Ball 1-0: Bunted foul 1-1: Sac Bunt to 2L - play at first, batter OUT! 2-4 Eric Delgado to third Glenn Lowther to second
|
|
Batting: LHB Zane Kelton
|
0-0: Called Strike 0-1: Called Strike 0-2: Ground out 6-3 (Groundball, 6, EV 89.4 MPH)
|
|
Batting: LHB Steve Gilliam
|
0-0: Ball 1-0: Foul Ball, location: 2F 1-1: Ball 2-1: Ball 3-1: Base on Balls
|
|
Batting: RHB Ryan Rinaldi
|
0-0: Ball 1-0: Ball 2-0: DOUBLE (Flyball, 8LD, EV 103.1 MPH) Eric Delgado scores Glenn Lowther scores Steve Gilliam to third Runner from 3rd tries for Home, SAFE, throw by CF to home
|
|
Pitching: LHP Manny Aguilera
|
|
|
Batting: SHB Bobby Santor
|
0-0: Ball 1-0: Ball 2-0: Ball 3-0: Base on Balls
|
|
Batting: LHB Zack Guillen
|
0-0: Foul Ball, location: 2F 0-1: Swinging Strike 0-2: Foul Ball, location: 2F 0-2: DOUBLE (Flyball, 89D, EV 101.2 MPH) Ryan Rinaldi scores Bobby Santor to third Runner from 3rd tries for Home, SAFE, throw by CF to trailing runner, SAFE at third!
|
|
Batting: RHB John Boyer
|
0-0: Ground out 5-3 (Groundball, 56, EV 96.9 MPH)
|
| Top of the 7th over - 5 runs, 3 hits, 1 error, 1 left on base; Boise 6 - Auburn 2 |
| BOTTOM OF THE 7TH |
|
Auburn Doubledays batting - Pitching for Boise Hawks : LHP Su-wu Pi
|
|
Now in CF: Glenn Lowther
|
|
|
Now in RF: Greg Valenzuela
|
|
|
Batting: LHB Mike Condon
|
0-0: Foul Ball, location: 2F 0-1: Ball 1-1: Ball 2-1: Foul Ball, location: 2F 2-2: Foul Ball, location: 2F 2-2: Foul Ball, location: 2F 2-2: Ball 3-2: Foul Ball, location: 2F 3-2: Ground out 6-3 (Groundball, 6, EV 88.8 MPH)
|
|
Pitching: RHP Angelo Ayala
|
|
|
Batting: RHB Bryan Ernst
|
0-0: Ball 1-0: Foul Ball, location: 2F 1-1: Ball 2-1: Foul Ball, location: 2F 2-2: Ground out U3 (Groundball, 3S, EV 86.2 MPH)
|
|
Batting: RHB Jon Hill
|
0-0: Swinging Strike 0-1: Ball 1-1: Foul Ball, location: 2F 1-2: Strikes out looking
|
| Bottom of the 7th over - 0 runs, 0 hits, 0 errors, 0 left on base; Boise 6 - Auburn 2 |
| TOP OF THE 8TH |
|
Boise Hawks batting - Pitching for Auburn Doubledays : LHP Manny Aguilera
|
|
Pitching: LHP Juan Bonet
|
|
|
Batting: RHB Eric Delgado
|
0-0: Ball 1-0: Ball 2-0: Ball 3-0: Base on Balls
|
|
Batting: LHB Glenn Lowther
|
0-0: SINGLE (Groundball, 15S, EV 63.1 MPH) (infield hit) Eric Delgado to second
|
|
Batting: LHB Greg Valenzuela
|
0-0: Sac Bunt to 3S - play at first, batter OUT! 3-1 Eric Delgado to third Glenn Lowther to second
|
|
Batting: LHB Zane Kelton
|
0-0: Ball 1-0: Ball 2-0: Ball 3-0: Called Strike 3-1: Foul Ball, location: 2F 3-2: Base on Balls
|
|
Batting: LHB Steve Gilliam
|
0-0: Called Strike 0-1: Called Strike 0-2: TRIPLE (Flyball, 78XD, EV 97.5 MPH) Eric Delgado scores Glenn Lowther scores Zane Kelton scores
|
|
Batting: RHB Ryan Rinaldi
|
0-0: Called Strike 0-1: Ball 1-1: Ball 2-1: Foul Ball, location: 2F 2-2: Ball 3-2: Base on Balls
|
|
Batting: SHB Bobby Santor
|
0-0: Called Strike 0-1: Called Strike 0-2: Ball 1-2: Fly out, F4 (Popup, 4MD, EV 59.4 MPH)
|
|
Batting: LHB Zack Guillen
|
0-0: Ball 1-0: Ball 2-0: Foul Ball, location: 2F 2-1: Ground out 4-3 (Groundball, 4, EV 82.5 MPH)
|
| Top of the 8th over - 3 runs, 2 hits, 0 errors, 2 left on base; Boise 9 - Auburn 2 |
| BOTTOM OF THE 8TH |
|
Auburn Doubledays batting - Pitching for Boise Hawks : RHP Angelo Ayala
|
|
Batting: SHB Gabe Fraunfelder
|
0-0: Ball 1-0: Ground out 4-3 (Groundball, 4, EV 78.8 MPH)
|
|
Pinch Hitting: RHB Isaiah Seme
|
0-0: Called Strike 0-1: Ball 1-1: Swinging Strike 1-2: Strikes out looking
|
|
Batting: RHB Slavik Nebrodov
|
0-0: Ground out 6-3 (Groundball, 6M, EV 109.4 MPH)
|
| Bottom of the 8th over - 0 runs, 0 hits, 0 errors, 0 left on base; Boise 9 - Auburn 2 |
| TOP OF THE 9TH |
|
Boise Hawks batting - Pitching for Auburn Doubledays : LHP Juan Bonet
|
|
Now at 2B: Isaiah Seme
|
|
|
Batting: RHB John Boyer
|
0-0: Called Strike 0-1: Ground out 6-3 (Groundball, 6M, EV 95.0 MPH)
|
|
Pitching: RHP Mike DiFonzo
|
|
|
Batting: RHB Eric Delgado
|
0-0: Called Strike 0-1: Ball 1-1: Ball 2-1: Called Strike 2-2: Strikes out looking
|
|
Batting: LHB Glenn Lowther
|
0-0: Ball 1-0: Ground out 4-3 (Groundball, 4M, EV 91.2 MPH)
|
| Top of the 9th over - 0 runs, 0 hits, 0 errors, 0 left on base; Boise 9 - Auburn 2 |
| BOTTOM OF THE 9TH |
|
Auburn Doubledays batting - Pitching for Boise Hawks : RHP Angelo Ayala
|
|
Pinch Hitting: LHB Diego Muniz
|
0-0: SINGLE (Groundball, 4D, EV 102.5 MPH)
|
|
Batting: RHB Kevin Whitenack
|
0-0: Ball 1-0: Ball 2-0: Foul Ball, location: 2F 2-1: Ball 3-1: Foul Ball, location: 2F 3-2: Base on Balls Diego Muniz to second
|
|
Batting: RHB Bobby Dieter
|
0-0: Ball 1-0: Called Strike 1-1: Ball 2-1: Ball 3-1: Foul Ball, location: 2F 3-2: Base on Balls Diego Muniz to third Kevin Whitenack to second
|
|
Batting: LHB Mike Condon
|
0-0: Ball 1-0: Ball 2-0: Fly out, F9 (Flyball, 9LS, EV 90.0 MPH)
|
|
Batting: RHB Bryan Ernst
|
0-0: Fielders Choice at 2nd, 6-4 (Groundball, 6, EV 93.1 MPH) Diego Muniz scores Kevin Whitenack to third
|
|
Pinch Hitting: RHB Jeff Page
|
0-0: Fielders Choice at 2nd, 6-4 (Groundball, 6, EV 84.4 MPH)
|
| Bottom of the 9th over - 1 run, 1 hit, 0 errors, 2 left on base; Boise 9 - Auburn 3 |
|